 Dungeon Crawl Stone Soup version 0.17.1-2-g5865329 (webtiles) character file.

4722 namelastname112 the Covert (level 10, -1/62 HPs)
             Began as a Mottled Draconian Wizard on Jan 11, 2016.
             Was a Believer of Ru.
             Slain by an orc warrior
             ... wielding a +0 hand axe
              (14 damage)
             ... on level 9 of the Dungeon.
             The game lasted 00:22:34 (9805 turns).

namelastname112 the Covert (DrWz)                   Turns: 9805, Time: 00:22:34

Health: -1/62      AC: 10    Str:  9    XL:     10   Next: 22%
Magic:  14/14      EV: 12    Int: 19    God:    Ru [**....]
Gold:   525        SH:  0    Dex: 13    Spells: 1 memorised, 13 levels left

rFire  . . .     SeeInvis .     w - +1 short sword (distort)
rCold  . . .     Clarity  .     (armour unavailable)
rNeg   . . .     SustAt   .     (no shield)
rPois  .         Gourm    .     a - +0 hat
rElec  .         Spirit   .     P - +2 cloak
rCorr  .         Warding  .     (no gloves)
rMut   .         Stasis   .     (no boots)
MR     .....                    (no amulet)
Stlth  +++++.....               x - ring of stealth
                                N - ring of invisibility

@: short of breath, flying, very slightly contaminated, not resistant to hostile
enchantments, quite stealthy
A: breathe sticky flame splash, unfitting armour, big wings, blink, frail 1,
screaming 1, cold-blooded, unskilled 1, AC +7
a: Breathe Sticky Flame, Stop Flying, Blink, Renounce Religion, Evoke
Invisibility


You were on level 9 of the Dungeon.
You worshipped Ru.
Ru was pleased with you.
You were very hungry.

You visited 2 branches of the dungeon, and saw 10 of its levels.

You collected 525 gold pieces.

Inventory:

Hand Weapons
 w - a +1 short sword of distortion (weapon)
 O - a +2 quarterstaff of chaos
Missiles
 d - 3 javelins (quivered)
 g - 31 poisoned needles
Armour
 a - a +0 hat (worn)
 P - a +2 cloak (worn)
Jewellery
 f - an uncursed ring of protection from magic
 x - a ring of stealth (right hand)
 B - an uncursed ring of fire
 M - an uncursed ring of protection from fire {unknown}
 N - a ring of invisibility (left hand)
Wands
 i - a wand of fire (8)
 z - a wand of flame (19)
 K - a wand of disintegration (13)
Scrolls
 h - 3 scrolls of fear {unknown}
 j - 2 scrolls of teleportation {unknown}
 o - a scroll of enchant weapon
 p - 3 scrolls of recharging
 q - 2 scrolls of magic mapping
 r - 4 scrolls of remove curse
 y - 4 scrolls of identify
 D - 2 scrolls of blinking
 E - a scroll of silence {unknown}
 L - 2 scrolls of enchant armour {unknown}
Potions
 e - 3 potions of brilliance {unknown}
 k - 6 potions of heal wounds {unknown}
 l - 2 potions of flight {unknown}
 m - 2 potions of agility {unknown}
 s - a potion of might
 u - 2 potions of haste {unknown}
 v - 2 potions of degeneration {unknown}
 A - 2 potions of magic {unknown}
 C - a potion of poison {unknown}
 F - 2 potions of ambrosia {unknown}
 G - a potion of lignification {unknown}
Books
 b - a book of Minor Magic

   Spells                             Type                      Level
   a - Magic Dart                     Conjuration                  1
   b - Blink                          Translocation                2
   c - Call Imp                       Summoning                    2
   d - Repel Missiles                 Charms/Air                   2
   e - Slow                           Hexes                        2
   f - Conjure Flame                  Conjuration/Fire             3
   g - Mephitic Cloud                 Conjuration/Poison/Air       3
 H - a book of Alchemy

   Spells                             Type                      Level
   a - Sublimation of Blood           Necromancy                   2
   b - Ignite Poison                  Fire/Transmutation/Poison    3
   c - Alistair's Intoxication        Transmutation/Poison         4
   d - Condensation Shield            Ice                          4
   e - Petrify                        Transmutation/Earth          4
   f - Irradiate                      Conjuration/Transmutation    5
Comestibles
 c - 8 bread rations
 n - 5 meat rations
 I - 5 fruits


   Skills:
 + Level 9.5 Short Blades
 - Level 1.5 Dodging
 + Level 9.9 Stealth
 - Level 2.6 Spellcasting
 - Level 0.8 Conjurations
   Level 0.8 Summonings
   Level 0.8 Translocations
 + Level 1.8 Evocations


You had 13 spell levels left.
You knew the following spells:

 Your Spells              Type           Power        Failure   Level  Hunger
z - Magic Dart            Conj           #...         12%         1    None


Dungeon Overview and Level Annotations

Branches:
Dungeon (9/15)             Temple (1/1) D:4
   Lair: D:8-11         Orc: D:9-12

Altars:
Ashenzari
Cheibriados
Dithmenos
Elyvilon
Fedhas
Gozag
Kikubaaqudgha
Makhleb
Nemelex Xobeh
Okawaru
Qazlal
Ru
Sif Muna
Trog
Vehumet
Yredelemnul
Zin
The Shining One

Shops:
D:4 [

Annotations:
Abyss:1 Robin


Innate Abilities, Weirdness & Mutations

You can spit globs of burning liquid.
You can ignite nearby creatures when you spit burning liquid.
Your weird mottled scales are hard (AC +7).
Your body does not fit into most forms of armour.
You are frail (-10% HP).
You are cold-blooded and may be slowed by cold attacks.
You are somewhat unskilled (-1 Apt).
Your large and strong wings let you fly indefinitely.
You can translocate small distances at will.
You occasionally shout uncontrollably at your foes.


Message History

The jackal bites you but does no damage.
The jackal barely misses you.
There is an escape hatch in the ceiling here.
Press: ? - help, Shift-Dir - straight line, f - orc warrior
Aim: an orc warrior, wielding a hand axe and wearing a chain mail You spit a glob of burning liquid.
The splash of liquid fire hits the orc warrior.
The orc warrior is lightly wounded.
The orc warrior is covered in liquid flames!
The sticky flame splashes onto the jackal!
The jackal is covered in liquid flames!
You are feeling very hungry.
The jackal burns!
The orc warrior burns!
The jackal closely misses you.
The orc warrior hits you with a hand axe!
* * * LOW HITPOINT WARNING * * *
The jackal closely misses you.
Drink which item? (? for menu, Esc to quit)
You feel better.
The jackal burns!
The orc warrior burns!
The orc warrior hits you with a hand axe!
You die...

+..## #.# #######.... #..## ...
######..... #..## #.# ###......#
#..#####.#### #####......#
####..####...### #####......#
.......####.###########.......#
.$......###'##########...†..###
.....>.........h............#
...............o@...........#
.......................<....##
................................
................................
.........................###....
####################.....# ....
#.....# ... #.....# .. #.....#


You could see an orc warrior (burning) and a jackal (burning).

Vanquished Creatures
  Pikel (D:7)
  Maurice (D:8)
  2 yaks (D:9)
  A hungry ghost (D:9)
  Eustachio (D:4)
  Menkaure (D:4)
  An orc warrior (D:7)
  A phantom (D:6)
  4 sky beasts
  An ice beast (D:7)
  A slave (D:7)
  An ogre (D:5)
  A centaur (D:8)
  A wyvern skeleton (D:9)
  A scorpion (D:7)
  3 killer bees (D:7)
  4 wights
  3 vampire bats (D:5)
  3 orc priests
  A giant frog zombie (D:5)
  2 quasits
  A crimson imp (D:9)
  A jelly (D:9)
  3 hounds (D:6)
  9 orc wizards
  Crazy Yiuf (D:5)
  A giant frog skeleton (D:6)
  3 worker ants
  A centaur skeleton (D:4)
  An iguana (D:5)
  A hound skeleton (D:4)
  A worker ant zombie (D:7)
  14 adders
  4 gnolls
  An ooze (D:2)
  A worm (D:3)
  3 adder skeletons
  4 giant geckos
  31 orcs
  5 bats
  A bat skeleton (D:5)
  4 bat zombies (D:5)
  2 giant cockroaches (D:2)
  18 goblins
  11 hobgoblins
  8 jackals
  9 quokkas
  A ball python (D:3)
  5 giant newts
  11 kobolds
  A quokka skeleton (D:4)
  5 rats
197 creatures vanquished.

Vanquished Creatures (others)
  The ghost of Gargoyl the Covert, a novice SpEn of Dithmenos (D:7)
  An orc warrior (D:6)
  A killer bee (D:7)
  A slave (D:7)
  2 black bears
  A centaur (D:5)
  An ogre (D:6)
  A phantom (D:7)
  A wight (D:7)
  An orc priest (D:5)
  A giant frog skeleton (D:7)
  A hound (D:6)
  A worker ant (D:4)
  A hound skeleton (D:9)
  A worker ant zombie (D:6)
  2 gnolls (D:3)
  2 adders
  A worm (D:3)
  2 jackals
  A giant cockroach zombie (D:6)
  2 goblins (D:3)
26 creatures vanquished.

Grand Total: 223 creatures vanquished

Notes
Turn   | Place    | Note
--------------------------------------------------------------
     0 | D:1      | namelastname112 the Draconian Wizard began the quest for the Orb.
     0 | D:1      | Reached XP level 1. HP: 14/14 MP: 4/4
   154 | D:1      | Reached XP level 2. HP: 12/20 MP: 1/6
   608 | D:2      | Reached skill level 1 in Short Blades
   608 | D:2      | Reached XP level 3. HP: 20/26 MP: 5/7
   863 | D:2      | Found a stormy altar of Qazlal.
   907 | D:2      | Found an opulent altar of Gozag.
  1196 | D:2      | Found a glowing silver altar of Zin.
  1282 | D:2      | Found a white marble altar of Elyvilon.
  1768 | D:3      | Reached XP level 4. HP: 30/33 MP: 8/8
  2063 | D:3      | Reached skill level 4 in Stealth
  2252 | D:3      | Noticed Robin
  2581 | D:3      | Reached XP level 5. HP: 24/38 MP: 9/9
  2693 | D:3      | Banished Robin
  2805 | D:4      | Noticed Eustachio
  2813 | D:4      | Killed Eustachio
  2813 | D:4      | Reached skill level 5 in Stealth
  2813 | D:4      | Reached XP level 6. HP: 40/45 MP: 10/10
  3039 | D:4      | Found a staircase to the Ecumenical Temple.
  3054 | Temple   | Entered the Ecumenical Temple
  3200 | Temple   | Became a worshipper of Ru the Awakened
  3493 | D:4      | Noticed Menkaure
  3759 | D:5      | Entered Level 5 of the Dungeon
  4023 | D:5      | Noticed Crazy Yiuf
  4029 | D:5      | Killed Crazy Yiuf
  4069 | D:5      | Your scales start taking on a weird mottled colour.
  4069 | D:5      | Reached XP level 7. HP: 50/50 MP: 11/11
  4107 | D:4      | Killed Menkaure
  4107 | D:4      | Reached skill level 5 in Short Blades
  4107 | D:4      | Reached skill level 6 in Stealth
  4248 | D:4      | Found a basalt altar of Yredelemnul.
  4254 | D:4      | Found a snail-covered altar of Cheibriados.
  4257 | D:4      | Found a shadowy altar of Dithmenos.
  4434 | D:4      | Found Deni's Armour Emporium.
  4857 | D:5      | Found a white marble altar of Elyvilon.
  5369 | D:5      | Found an ancient bone altar of Kikubaaqudgha.
  5377 | D:5      | Reached skill level 7 in Stealth
  5379 | D:5      | Reached XP level 8. HP: 57/57 MP: 12/12
  5551 | D:6      | Gained mutation: You are somewhat unskilled (-1 Apt). [Ru sacrifice]
  5551 | D:6      | Reduced skill Short Blades to level 5
  5551 | D:6      | Reduced skill Stealth to level 6
  5551 | D:6      | Reached * piety under Ru
  5600 | D:6      | Reached skill level 7 in Stealth
  5987 | D:6      | Gained mutation: You can translocate small distances at will. [mutagenic meat]
  5988 | D:6      | Gained mutation: Your system is resistant to poisons. [mutagenic meat]
  5989 | D:6      | Gained mutation: You occasionally shout uncontrollably at your foes. [mutagenic meat]
  5990 | D:6      | Lost mutation: Your system is resistant to poisons. [mutagenic meat]
  5991 | D:6      | Gained mutation: Your large and strong wings let you fly indefinitely. [mutagenic meat]
  6541 | D:7      | Reached XP level 9. HP: 62/62 MP: 13/13
  6576 | D:7      | Noticed Gargoyl's ghost (novice SpEn)
  6615 | D:7      | Reached skill level 8 in Stealth
  7640 | D:7      | Found a blossoming altar of Fedhas.
  7665 | D:7      | Noticed Pikel
  7688 | D:7      | Killed Pikel
  8212 | D:7      | Banished Gargoyl's ghost
  8212 | D:7      | Reached skill level 9 in Stealth
  8775 | D:8      | Noticed Maurice
  8979 | D:8      | Killed Maurice
  8979 | D:8      | Reached XP level 10. HP: 69/69 MP: 14/14
  9115 | D:8      | Found a deep blue altar of Sif Muna.
  9464 | D:9      | Reached skill level 1 in Evocations
  9686 | D:9      | Gained mutation: You are frail (-10% HP). [Ru sacrifice]
  9686 | D:9      | Reached ** piety under Ru
  9735 | D:9      | Noticed a purple ugly thing
  9805 | D:9      | Slain by an orc warrior

Action                   |  1- 3 |  4- 6 |  7- 9 | 10-12 || total
-------------------------+-------+-------+-------+-------++-------
Melee: Unarmed           |    36 |       |       |       ||    36
       Short sword       |    77 |   180 |   380 |    42 ||   679
Throw: Javelin           |     3 |       |       |       ||     3
 Cast: Magic Dart        |    58 |     7 |       |       ||    65
Invok: Sacrifice Skill   |       |       |     1 |       ||     1
       Sacrifice Health  |       |       |       |     1 ||     1
 Abil: Breathe Sticky Fl |       |       |     8 |     1 ||     9
       Fly               |       |       |     1 |       ||     1
       Evoke Invisibilit |       |       |       |     1 ||     1
  Use: Scroll            |       |     8 |       |       ||     8
       Potion            |       |       |     1 |     1 ||     2
 Stab: Sleeping          |     1 |     6 |    12 |     9 ||    28
       Distracted        |       |       |     1 |     1 ||     2
  Eat: Chunk             |     3 |     7 |    14 |     2 ||    26
       Fruit             |       |       |     2 |       ||     2
       Meat ration       |       |       |     1 |       ||     1
       Pizza             |       |       |       |     1 ||     1
       Beef jerky        |       |       |       |     1 ||     1
